 Dungeon Crawl Stone Soup version 0.30-a0-557-ge2afbf3030 (webtiles) character file.

Game seed: 15660423841083348877

32 MineK the Prestidigitator (level 3, -1/25 HPs)
             Began as a Gnoll Wanderer on Dec 27, 2022.
             Slain by a jackal (3 damage)
             ... on level 1 of the Dungeon.
             The game lasted 00:03:30 (785 turns).

MineK the Prestidigitator (Gnoll Wanderer)           Turns: 785, Time: 00:03:31

Health: -1/25      AC:  2    Str:  8    XL:     3   Next: 25%
Magic:  11/11      EV: 11    Int: 10    God:
Gold:   23         SH:  0    Dex: 17    Spells: 16/16 levels left

rFire   . . .      SeeInvis .    a - +0 sling
rCold   . . .      Faith    .    (no shield)
rNeg    . . .      Spirit   .    d - +0 robe
rPois   .          Reflect  .    (no helmet)
rElec   .          Harm     .    (no cloak)
rCorr   .          Rampage  .    (no gloves)
Will    .....                    (no boots)
Stlth   ++                       (no amulet)
HPRegen 0.24/turn                (no ring)
MPRegen 0.12/turn                (no ring)

@: on berserk cooldown, slowed, very slow
A: fangs 1, strong nose, distributed training
a: no special abilities


You were on level 1 of the Dungeon.
You visited 1 branch of the dungeon, and saw 1 of its levels.

You collected 23 gold pieces.

Inventory:

Hand Weapons
 a - a +0 sling (weapon)
Armour
 d - a +0 robe (worn)
Scrolls
 f - 2 scrolls of immolation {unknown}
 i - a scroll of magic mapping {unknown}
Potions
 c - a potion of haste
 g - a potion of mutation {unknown}
 h - a potion of lignification {unknown}
 j - a potion of flight {unknown}
Miscellaneous
 b - a piece from Xom's chessboard (15/15) (quivered)


   Skills:
 + Level 0.7 Fighting
 + Level 0.7 Short Blades
 + Level 0.7 Long Blades
 + Level 0.7 Axes
 + Level 0.7 Maces & Flails
 + Level 0.7 Polearms
 + Level 0.7 Staves
 + Level 4.5 Ranged Weapons
 + Level 0.7 Throwing
 + Level 0.7 Armour
 + Level 0.7 Dodging
 + Level 0.7 Stealth
 + Level 0.7 Shields
 + Level 0.7 Unarmed Combat
 + Level 7.1 Spellcasting
 + Level 0.5 Conjurations
 + Level 0.5 Hexes
 + Level 0.5 Summonings
 + Level 0.5 Necromancy
 + Level 0.5 Translocations
 + Level 0.5 Transmutations
 + Level 0.5 Fire Magic
 + Level 0.5 Ice Magic
 + Level 0.5 Air Magic
 + Level 0.5 Earth Magic
 + Level 0.5 Poison Magic
 + Level 0.9 Invocations
 + Level 8.5 Evocations


You had 16 spell levels left.
You didn't know any spells.
Your spell library contained the following spells:

 Spells                   Type           Power      Damage    Failure   Level
 Apportation              Tloc           8%         N/A       16%         1
 Slow                     Hex            16%        N/A       16%         1
 Blink                    Tloc           8%         N/A       22%         2
 Sublimation of Blood     Necr           4%         N/A       22%         2


Dungeon Overview and Level Annotations

Branches:
Dungeon (1/15)

Altars:


Innate Abilities, Weirdness & Mutations

You have very sharp teeth.
Your uncanny sense of smell can sniff out nearby items.
Your experience applies equally to all skills.


Message History

Fire: a) +0 sling
Press: ? - help, Shift-Dir - straight line, f/p - jackal
Aim: a jackal (moderately wounded, 51% to hit)
You shoot a sling bullet.
The sling bullet closely misses the jackal.
The sling bullet hits the jackal.
You kill the jackal!
The jackal bites you but does no damage.
The jackal closely misses you. The jackal misses you.
Unknown command.
Fire: a) +0 sling
Press: ? - help, Shift-Dir - straight line, f - jackal
Aim: a jackal (51% to hit)
You shoot a sling bullet. The sling bullet misses the jackal.
The sling bullet hits the endoplasm.
You kill the endoplasm!
The jackal barely misses you. The jackal bites you.
* * * LOW HITPOINT WARNING * * *
Fire: a) +0 sling
Press: ? - help, Shift-Dir - straight line, f/p - jackal
Aim: a jackal (51% to hit)
You shoot a sling bullet.
The sling bullet hits the jackal but does no damage.
The jackal bites you but does no damage.
The rat bites you.
* * * LOW HITPOINT WARNING * * *
The jackal bites you but does no damage.
The rat closely misses you.
Fire: a) +0 sling
Press: ? - help, Shift-Dir - straight line, f/p - jackal
Aim: a jackal (51% to hit)
You shoot a sling bullet. The sling bullet misses the jackal.
The sling bullet closely misses the giant cockroach.
The jackal bites you.
* * * LOW HITPOINT WARNING * * *
The rat barely misses you. The jackal barely misses you.
The rat bites you but does no damage. The jackal barely misses you.
The jackal bites you but does no damage.
The jackal bites you.
You die...

........# #.8####.# .######.#
###..####.## .# #.# #.#..#.....#
.#### #.# #.#..#####.# #######
#...###.## #.#..# #.# #....()
......>..# #.#8.# #.# #.#####
.##.###..#####.#..# #.# #.#
..................#####.# #.#
.#######........@.......# #.#
............#...hrB.###.# #.#
.#..................###.###.# #
.#.###+#######+###..........# #
.#.#..⌠...>...⌠..#†.##..#########
.#.#......<.....B#..##..##.).....
.#.+⌠....###....⌠'.......#.######
.#.#.............#..##...#.# #
##.#######'#######..##...#.# #


You could see a jackal, a giant cockroach and a rat.

Vanquished Creatures
  3 dart slugs (D:1)
  5 endoplasms (D:1)
  2 giant cockroaches (D:1)
  2 goblins (D:1)
  2 hobgoblins (D:1)
  5 jackals (D:1)
  A kobold (D:1)
20 creatures vanquished.

Notes
Turn   | Place    | Note
-------+----------+-------------------------------------------
     0 | D:1      | MineK the Gnoll Wanderer began the quest for the Orb.
     0 | D:1      | MineK set off with the following items: a +0 sling, a piece
                  | from Xom's chessboard (15/15), a potion of haste, a +0
                  | robe; and the following spells available to memorise:
                  | Apportation, Slow, Blink, Sublimation of Blood.
     0 | D:1      | Reached XP level 1. HP: 13/13 MP: 8/8
     1 | D:1      | Found a runed translucent door.
   118 | D:1      | Reached XP level 2. HP: 19/19 MP: 10/10
   762 | D:1      | Reached XP level 3. HP: 18/25 MP: 11/11
   783 | D:1      | HP: 1/25 [jackal (2)]
   785 | D:1      | Slain by a jackal

Illustrated notes

Levels and vault maps discovered:
D:1:      dpeg_arrival_caged_fury, layout_loops_ring, chequers_decorated_corner,
          kennysheep_decorative_pillar

Action                   || total
-------------------------++-------
 Fire: Sling             ||    60
  Use: Potion            ||     1
Armor: Robe              ||    14
Dodge: Dodged            ||    55

Table legend: (Time is in decaauts)
 A = Elapsed time spent in this place.
 B = Non-inter-level travel time spent in this place.
 C = Inter-level travel time spent in this place.
 D = Time resting spent in this place.
 E = Time spent auto-exploring this place.
 F = Levels seen in this place.
 G = Mean time per level.
                   A        B        C        D        E       F      G
               +--------+--------+--------+--------+--------+-----+--------+
         Total |    796 |    796 |      0 |      0 |    667 |   1 |  796.0 |
       Dungeon |    796 |    796 |      0 |      0 |    667 |   1 |  796.0 |
               +--------+--------+--------+--------+--------+-----+--------+

Top non-repeatable levels by time:
     D:1: 796 daAuts
